 Dungeon Crawl Stone Soup version 0.28.0-47-ge53b351184 (webtiles) character file.

Game seed: 17817072523416101273

44 Villanelle the Sneak (level 3, -3/27 HPs)
             Began as a Human Brigand on May 3, 2022.
             Was an Initiate of Yredelemnul.
             Killed by an exploding orc priest (15 damage)
             ... ignited by their inner flame
             ... on level 3 of the Dungeon.
             The game lasted 00:11:45 (1971 turns).

Villanelle the Sneak (Human Brigand)                Turns: 1971, Time: 00:11:46

Health: -3/27      AC:  3    Str: 11    XL:     3   Next: 85%
Magic:  3/3        EV: 12    Int: 13    God:    Yredelemnul [......]
Gold:   78         SH:  0    Dex: 20    Spells: 2/2 levels left

rFire   . . .      SeeInvis .   h - +1 dagger (drain)
rCold   . . .      Faith    .   (no shield)
rNeg    . . .      Spirit   .   b - +0 robe
rPois   .          Reflect  .   (no helmet)
rElec   .          Harm     .   c - +0 cloak
rCorr   .          Rampage  .   (no gloves)
Will    .....                   (no boots)
Stlth   +++.......              (no amulet)
HPRegen 0.09/turn               g - +6 ring of dexterity
MPRegen 0.08/turn               (no ring)

@: no status effects
A: no striking features
a: Renounce Religion, Recall Undead Harvest


You were on level 3 of the Dungeon.
You worshipped Yredelemnul.
Yredelemnul was noncommittal.
You visited 1 branch of the dungeon, and saw 3 of its levels.

You collected 78 gold pieces.

Inventory:

Hand Weapons
 h - a +1 dagger of draining (weapon)
 i - a +0 long sword
Missiles
 d - 4 poisoned darts (quivered)
 e - 2 curare-tipped darts
 l - 18 bolts
Armour
 b - a +0 robe (worn)
 c - a +0 cloak (worn)
Jewellery
 g - a +6 ring of dexterity (left hand)
Wands
 f - a wand of iceblast (8)
Potions
 a - a potion of heal wounds {unknown}
 j - a potion of curing {unknown}


   Skills:
 * Level 2.1 Fighting
 * Level 2.2 Short Blades
 * Level 2.4 Throwing
 * Level 0.5 Armour
 * Level 1.3 Dodging
 * Level 4.6 Stealth
 * Level 0.4 Spellcasting


You had 2 spell levels left.
You didn't know any spells.
Your spell library contained the following spells:

 Spells                   Type           Power      Damage    Failure   Level
 Confusing Touch          Hex            0%         N/A       65%         3
 Yara's Violent Unravell  Hex/Tmut       0%         3d3       100%        5
 Enfeeble                 Hex            0%         N/A       100%        7


Dungeon Overview and Level Annotations

Branches:
Dungeon (3/15)

Altars:
Ashenzari
Yredelemnul


Message History

The poisoned dart barely misses the orc priest.
The orc wizard shouts!
Throw: 6 darts (poison)
Press: ? - help, Q - select action, (/) - cycle Shift-Dir - straight line, f/p - orc priest
Aim: an orc priest, wielding a +0 dagger (ally target, 64% to hit)
You throw a poisoned dart. The poisoned dart hits the orc priest.
The orc priest is poisoned.
An orc comes into view. It is wielding a +0 flail.
Throw: 5 darts (poison)
Press: ? - help, Q - select action, (/) - cycle Shift-Dir - straight line, f/p - orc priest
Aim: an orc priest, wielding a +0 dagger (lightly wounded, poisoned, ally target, 64% to hit)
You throw a poisoned dart. The poisoned dart hits the orc priest.
The orc priest looks even sicker.
The orc priest is lightly wounded.
An orc comes into view. It is wielding a +0 falchion.
The orc wizard casts a spell at you.
Your hobgoblin zombie appears confused.
You hit the orc priest.
The orc priest is moderately wounded.
The orc wizard casts a spell at you.
The puff of flame hits your hobgoblin zombie!
Your hobgoblin zombie is destroyed!
The orc priest barely misses you.
Your kobold zombie hits the orc priest.
You hear a shout!
You barely miss the orc priest.
The orc priest is moderately wounded.
The orc priest hits you with a +0 dagger.
Your kobold zombie hits the orc priest but does no damage.
Unknown command.
Really read the scroll of immolation?
As you read the scroll of immolation, it crumbles to dust.
The creatures around you are filled with an inner flame!
Flame seeps out of the orc priest.
The orc priest is engulfed in blazing flames.
The orc priest explodes!
The fiery explosion engulfs your kobold zombie!!
The fiery explosion engulfs you!
Ouch! That really hurt!
You die...
Your body rises from the dead as a mindless zombie.

##########
###.#
#.Z.ZZ...#
#.#
##########
#.# #.# #.#
#.# #.#
####.######
#...§@§o..#
#.#.§○###o###
#....§§((..oo
#.#...###(###
.......#
###......
####.### #+#


You could see an orc wizard (inner flame) and an orc (inner flame).

Vanquished Creatures
  An orc priest (D:3)
  A dart slug (D:2)
  An orc (D:2)
  An endoplasm (D:1)
  3 hobgoblins
  2 jackals (D:1)
  5 quokkas
  2 ball pythons
  4 bats
  A frilled lizard (D:2)
  4 goblins
  3 kobolds
  A kobold zombie (D:3)
  3 rats
32 creatures vanquished.

Vanquished Creatures (collateral kills)
  A dart slug (D:2)
  2 bats (D:1)
  An endoplasm (D:1)
  A ball python (D:2)
5 creatures vanquished.

Vanquished Creatures (others)
  A goblin zombie (D:1)
  A hobgoblin zombie (D:3)
  A quokka zombie (D:2)
  4 withered plants (D:1)
7 creatures vanquished.

Grand Total: 44 creatures vanquished

Notes
Turn   | Place    | Note
-------+----------+-------------------------------------------
     0 | D:1      | Villanelle the Human Brigand began the quest for the Orb.
     0 | D:1      | Reached XP level 1. HP: 16/16 MP: 1/1
    52 | D:1      | Found a faded altar of an unknown god.
    56 | D:1      | Prayed at the altar of an unknown god.
    56 | D:1      | Became a worshipper of Yredelemnul the Dark
    56 | D:1      | Reached * piety under Yredelemnul
   339 | D:1      | Reached XP level 2. HP: 10/22 MP: 2/2
   688 | D:1      | Reached ** piety under Yredelemnul
  1037 | D:2      | Reached XP level 3. HP: 22/27 MP: 3/3
  1819 | D:3      | Found a broken altar of Ashenzari.
  1971 | D:3      | Killed by an exploding orc priest... ignited by their inner
                  | flame

Illustrated notes

Levels and vault maps discovered:
D:1:      dpeg_arrival_renting, layout_loops_ring,
          ebering_ecumenical_altar_petrified
D:2:      layout_loops_ring, minmay_tromino_i4
D:3:      layout_loops_corners, nicolae_ashenzari_panopticon

Action                   || total
-------------------------++-------
Melee: Dagger            ||    48
Throw: Dart              ||    23
Invok: Recall Undead Har ||     5
  Use: Scroll            ||     4
 Stab: Sleeping          ||    13
Armor: Robe              ||    15
Dodge: Dodged            ||    34
